 Dungeon Crawl Stone Soup version 0.20-a0-754-g13ddd6e (webtiles) character file.

163 Duffy the Chopper (level 5, 44/49 HPs)
             Began as a Naga Fighter on Feb 27, 2017.
             Quit the game on level 3 of the Dungeon.
             The game lasted 00:02:11 (2392 turns).

Duffy the Chopper (Naga Fighter)                    Turns: 2392, Time: 00:02:11

Health: 44/49      AC:  2    Str: 19    XL:     5   Next: 44%
Magic:  5/5        EV:  7    Int:  9    God:
Gold:   165        SH:  9    Dex: 10    Spells: 4/4 levels left

rFire    . . .     SeeInvis +   v - -1 short sword (curse)
rCold    . . .     Gourm    .   (no armour)
rNeg     . . .     Faith    .   c - +0 shield
rPois    +         Spirit   .   (no helmet)
rElec    .         Reflect  .   (no cloak)
rCorr    .         Harm     .   h - +0 pair of gloves
MR       .....                  (no barding)
Stlth    +.........             (no amulet)
Regen    0.2/turn               (no ring)
MPRegen  0.1/turn               (no ring)

@: mildly poisoned (44 -> 43), very slow
A: see invisible, deformed body, poison resistance, slowness 2, slow metabolism
1, spit poison 1, AC +1
a: Spit Poison


You were on level 3 of the Dungeon.
You were not hungry.

You visited 1 branch of the dungeon, and saw 3 of its levels.

You collected 165 gold pieces.

Inventory:

Hand Weapons
 a - a +0 war axe
 v - a cursed -1 short sword (weapon)
Armour
 b - a +0 scale mail
 c - a +0 shield (worn)
 h - a +0 pair of gloves (worn)
 u - a +0 chain mail
Wands
 o - a wand of polymorph (3/24)
 s - a wand of disintegration (13/24)
Scrolls
 e - a scroll of noise {unknown}
 j - a scroll of amnesia {unknown}
 k - 2 scrolls of teleportation {unknown}
 l - a scroll of enchant armour {unknown}
 m - a scroll of fog {unknown}
 q - 2 scrolls of identify {unknown}
Potions
 d - a potion of might
 p - a potion of curing {unknown}
 r - a potion of heal wounds {unknown}
 t - a potion of invisibility {unknown}
Comestibles
 f - a bread ration
 g - 3 chunks of flesh
 i - 4 meat rations
 n - 2 fruits


   Skills:
 - Level 3.0 Fighting
 + Level 4.1 Axes
 - Level 2.4 Armour
 + Level 3.8 Shields


You had 4 spell levels left.
You didn't know any spells.

Dungeon Overview and Level Annotations

Branches:
Dungeon (3/15)

Altars:
Qazlal
Trog


Innate Abilities, Weirdness & Mutations

You cannot wear boots.
Your serpentine skin is tough. (AC +1)
You have supernaturally acute eyesight. (SInv)
Armour fits poorly on your strangely shaped body.
Your system is resistant to poisons. (rPois)
You cover ground very slowly.
You have a slow metabolism.
You can spit poison.


Message History

No target in view!
You see here a runed short sword.
v - a runed short sword Wield which item (- for none, * to show all)? (? for menu, Esc to quit)
It sticks to your hand!
v - a cursed -1 short sword (weapon)
A hobgoblin comes into view. It is wielding a club.
The hobgoblin shouts!
An adder comes into view.
The adder hisses angrily.
The hobgoblin hits you but does no damage.
You block the hobgoblin's attack. The adder bites you.
You are poisoned.
The adder poisons you!
A rat comes into view.
You see here a meat ration.
You feel sick. The adder bites you but does no damage.
The hobgoblin barely misses you.
You feel sick. You block the adder's attack.
Are you sure you want to abandon this character and quit the game? (Confirm with "yes".)

.##...#..#.#...........
....#......#..#........
.#.........#.....######
...............##
#...........###
#...r..%....#
#........##.#
#...Sg...##...
#...@....# ####
#........# #........#
##########


You could see an adder, a hobgoblin and a rat.

Vanquished Creatures
  2 orc wizards (D:3)
  2 adders
  4 dart slugs
  7 leopard geckos
  3 orcs (D:3)
  A giant cockroach (D:3)
  10 goblins
  5 hobgoblins
  13 jackals
  5 kobolds
  5 bats
  2 frilled lizards
  14 rats
73 creatures vanquished.

Notes
Turn   | Place    | Note
-------+----------+-------------------------------------------
     0 | D:1      | Duffy the Naga Fighter began the quest for the Orb.
     0 | D:1      | Reached XP level 1. HP: 21/21 MP: 1/1
   178 | D:1      | Reached XP level 2. HP: 24/28 MP: 2/2
   623 | D:1      | Reached XP level 3. HP: 32/34 MP: 3/3
  1100 | D:2      | Reached skill level 3 in Axes
  1324 | D:2      | Reached XP level 4. HP: 39/42 MP: 4/4
  1993 | D:3      | Found a bloodstained altar of Trog.
  2002 | D:3      | Reached XP level 5. HP: 21/49 MP: 5/5
  2219 | D:3      | Reached skill level 4 in Axes
  2307 | D:3      | Found a stormy altar of Qazlal.
  2392 | D:3      | Quit the game

Vault maps used:
D:1:      lightli_molten_gateway
D:2:      serial_bayou_crossing
D:3:      nicolae_overflow_hidden_temple, first_bread, bloody_trog, uniq_jessica

Skill      XL: |  1  2  3  4  5 |
---------------+----------------+-----
Shields        | 3 |  3.8
Axes           | 3 4 |  4.1
Fighting       | |  3.0
Armour         | |  2.4

Action                   |  1- 3 |  4- 6 || total
-------------------------+-------+-------++-------
Melee: War axe           |   130 |    93 ||   223
 Abil: Spit Poison       |     4 |     1 ||     5
  Eat: Chunk             |     1 |     3 ||     4
Armor: Scale mail        |    70 |    39 ||   109
       Skin              |       |     3 ||     3
Dodge: Dodged            |    38 |    19 ||    57
Block: Shield            |    79 |    60 ||   139
